AoeStats
← ME_DEPRIME_JUGAR_CON_USTEDES

Hill Fort

506536141Analyzed
4v4 RM · 18d ago on Sep 13, 2026· 67m 3s· 8 players
Game mode
Random Map
Map size
Large (8 player)
Population
200
Speed
Normal
Resources
Standard
Victory
Conquest
Starting age
Dark Age
Ending age
Imperial Age
RankedLock teamsTeams togetherTeam positionsShared explorationLock speedFull tech treeHidden civsTurbo modeCheats
Victory
Defeat
🇦🇷 Maya · Argentina
1542
+8
🇦🇷 Wei · Argentina
1468
+11
🇦🇷 Spanish · Argentina
1468
+11
🇦🇷 Huns · Argentina
1392
+15
🇧🇷 Khmer · Brazil
1408
-13
🇲🇽 Saracens · Mexico
1348
-11
🇨🇳 Cumans · China
1344
-11
🇺🇸 Chinese · United States
1315
-10
Thackattack
0:35 Loom
11:10 Feudal Age
16:11 Castle Age
14:45 Double-Bit Axe
15:42 Stone Mining
15:34 Horse Collar
15:42 Horse Collar
30:39 Wheelbarrow
33:01 Imperial Age
30:57 Squires
31:01 Scale Mail Armor
30:54 Gold Mining
31:57 Bow Saw
31:39 Stone Mining
33:13 Chain Mail Armor
33:08 Forging
33:24 Elite Fire Lancer
35:17 Plate Mail Armor
35:22 Iron Casting
46:58 Fletching
47:09 Padded Archer Armor
58:57 Bodkin Arrow
59:53 Hand Cart
Les Choristes
9:24 Feudal Age
10:16 Double-Bit Axe
10:11 Horse Collar
15:44 Loom
16:53 Wheelbarrow
21:34 Castle Age
19:20 Loom
20:19 Gold Mining
20:42 Scale Barding Armor
20:47 Forging
21:39 Bloodlines
22:41 Chain Barding Armor
22:49 Heavy Plow
23:42 Bow Saw
33:24 Hand Cart
33:55 Gold Shaft Mining
36:43 Imperial Age
34:53 Stone Mining
35:55 Iron Casting
35:41 Herbal Medicine
38:01 Plate Barding Armor
38:44 Blast Furnace
37:49 Cavalier
39:14 Conscription
39:30 Paladin
42:32 Town Watch
46:03 Light Cavalry
50:40 Hussar
54:03 Fletching
55:07 Guilds
56:40 Capped Ram
62:12 Steppe Husbandry
KOF Itachi
7:40 Loom
9:31 Feudal Age
10:32 Double-Bit Axe
12:55 Fletching
18:26 Padded Archer Armor
22:25 Castle Age
21:07 Town Watch
22:46 Crossbowman
23:28 Bodkin Arrow
24:55 Leather Archer Armor
26:46 Ballistics
30:29 Thumb Ring
36:08 Bow Saw
37:54 Wheelbarrow
41:33 Imperial Age
42:20 Arbalester
43:58 Conscription
45:14 Chemistry
44:21 Siege Engineers
44:26 Masonry
43:57 Treadmill Crane
44:59 Hoardings
44:41 Bracer
45:12 Ring Archer Armor
45:08 Horse Collar
46:56 Scale Mail Armor
47:06 Forging
46:28 Elite Mameluke
50:22 Counterweights
50:13 Elite Skirmisher
52:26 Squires
52:11 Arson
54:19 Hand Cart
55:25 Heavy Plow
56:31 Two-Man Saw
57:47 Scale Barding Armor
58:18 Iron Casting
58:07 Gold Mining
58:08 Stone Mining
58:51 Husbandry
59:03 Bloodlines
58:16 Light Cavalry
62:02 Chain Barding Armor
62:43 Blast Furnace
61:39 Hussar
Muniz
5:18 Loom
10:11 Feudal Age
10:37 Double-Bit Axe
11:05 Horse Collar
18:49 Castle Age
16:53 Gold Mining
22:40 Bow Saw
22:31 Heavy Plow
23:08 Wheelbarrow
22:19 Town Watch
22:29 Stone Mining
23:14 Gold Shaft Mining
22:29 Stone Mining
26:10 Scale Barding Armor
26:15 Forging
28:14 Husbandry
28:24 Bloodlines
28:41 Fletching
28:52 Padded Archer Armor
35:56 Imperial Age
34:26 Gold Shaft Mining
34:26 Stone Shaft Mining
34:09 Hand Cart
36:08 Elite Ballista Elephant
37:09 Conscription
36:46 Bodkin Arrow
36:51 Padded Archer Armor
36:18 Light Cavalry
37:39 Ballistics
38:20 Chemistry
37:32 Bracer
37:59 Chain Barding Armor
38:16 Siege Engineers
39:35 Hoardings
39:19 Siege Engineers
42:33 Leather Archer Armor
42:51 Double Crossbow
43:29 Capped Ram
48:58 Pikeman
50:37 Iron Casting
50:02 Scale Mail Armor
50:35 Siege Ram
60:35 Halberdier
61:16 Arson
61:51 Chain Mail Armor
64:24 Blast Furnace
JLoops
9:50 Feudal Age
14:01 Castle Age
13:46 Double-Bit Axe
13:41 Horse Collar
17:14 Loom
18:15 Bow Saw
20:09 Heavy Plow
20:48 Town Watch
21:47 Gold Mining
23:34 Gold Shaft Mining
24:08 Wheelbarrow
24:32 Stone Mining
26:03 Hand Cart
28:30 Stone Shaft Mining
31:05 Imperial Age
29:08 Tuntian
29:51 Scale Barding Armor
30:47 Town Patrol
31:51 Bloodlines
31:41 Husbandry
31:08 Heavy Hei Guang Cavalry
32:11 Chain Barding Armor
32:36 Conscription
32:42 Ming Guang Armor
32:41 Forging
35:05 Iron Casting
34:32 Husbandry
37:35 Fletching
38:46 Blast Furnace
39:02 Chemistry
38:16 Masonry
40:41 Ballistics
42:31 Caravan
44:40 Crop Rotation
45:32 Hoardings
45:23 Bodkin Arrow
49:47 Coinage
48:48 Onager
56:39 Banking
56:50 Medium Warships
57:00 Treadmill Crane
57:31 Clinker Construction
57:17 Capped Ram
58:12 Siege Ram
61:09 Heated Shot
ds_manu2
11:20 Feudal Age
12:04 Loom
17:24 Castle Age
26:27 Padded Archer Armor
28:10 Double-Bit Axe
29:56 Leather Archer Armor
39:34 Imperial Age
40:52 Ring Archer Armor
41:02 Conscription
41:37 Wheelbarrow
42:20 Bloodlines
42:10 Husbandry
44:44 Hand Cart
44:39 Town Watch
45:04 Husbandry
46:51 Bow Saw
47:17 Caravan
52:09 Horse Collar
54:12 Scale Barding Armor
54:17 Forging
54:13 Cavalier
55:49 Chain Barding Armor
55:44 Paladin
57:02 Iron Casting
57:48 Plate Barding Armor
59:16 Blast Furnace
59:39 Heavy Plow
62:54 Light Cavalry
ME_DEPRIME_JUGAR_CON_USTEDES
0:27 Loom
12:26 Feudal Age
16:28 Castle Age
14:34 Double-Bit Axe
15:07 Horse Collar
15:39 Gold Mining
17:17 Fletching
21:53 Bodkin Arrow
23:29 Padded Archer Armor
26:56 Wheelbarrow
27:37 Bow Saw
27:28 Heavy Plow
27:21 Stone Mining
29:53 Ballistics
37:01 Imperial Age
35:04 Hand Cart
35:10 Scale Mail Armor
36:34 Leather Archer Armor
36:15 Pikeman
36:55 Squires
38:03 Chain Mail Armor
37:57 Bracer
39:26 Chemistry
39:42 Plate Mail Armor
40:29 Forging
40:52 Ring Archer Armor
40:32 Halberdier
41:35 Conscription
42:49 Iron Casting
43:09 Town Watch
43:58 Holcans
45:17 Blast Furnace
46:08 Masonry
45:54 Murder Holes
45:39 Treadmill Crane
46:11 Fortified Wall
45:37 Eagle Warrior
46:03 Arson
46:47 Elite Eagle Warrior
48:00 Holcans
47:38 Caravan
50:09 Two-Man Saw
49:28 Elite Plumed Archer
50:47 Hoardings
50:55 Capped Ram
52:49 Siege Ram
55:26 Architecture
Nikems
10:48 Feudal Age
12:14 Horse Collar
12:46 Loom
15:39 Castle Age
14:50 Double-Bit Axe
16:11 Scale Barding Armor
16:36 Bow Saw
18:42 Heavy Plow
22:53 Forging
27:14 Wheelbarrow
29:11 Hand Cart
29:45 Bloodlines
29:58 Chain Barding Armor
32:07 Iron Casting
34:17 Imperial Age
32:16 Husbandry
34:37 Caravan
34:22 Cavalier
35:51 Plate Barding Armor
36:01 Guilds
36:19 Paladin
39:15 Conscription
40:17 Blast Furnace
40:04 Marauders
40:04 Elite Tarkan
44:11 Coinage
49:53 Banking
55:07 Light Cavalry
62:10 Hussar
62:38 Pikeman
63:19 Squires
Connection lost

Rejoining the realm…

Still unreachable

The connection could not be restored.

Session expired

The server has moved on; the page needs a fresh start.